 Dungeon Crawl Stone Soup version 0.30-a0-49-g1cef19eb02 (webtiles) character file.

Game seed: 6205279493594622766

4 IdlyInterested the Vexing (level 1, -2/15 HPs)
             Began as a Demonspawn Wanderer on Sept 2, 2022.
             Slain by a goblin
             ... wielding a +0 club
              (4 damage)
             ... on level 1 of the Dungeon.
             The game lasted 00:01:13 (246 turns).

IdlyInterested the Vexing (Demonspawn Wanderer)      Turns: 246, Time: 00:01:13

Health: -2/15      AC:  2    Str:  8    XL:     1   Next: 58%
Magic:  1/2        EV: 11    Int: 10    God:
Gold:   18         SH:  5    Dex: 19    Spells: 1/2 levels left

rFire   . . .      SeeInvis .    a - +0 short sword
rCold   . . .      Faith    .    b - +0 buckler
rNeg    . . .      Spirit   .    h - +0 robe
rPois   .          Reflect  .    (no helmet)
rElec   .          Harm     .    (no cloak)
rCorr   .          Rampage  .    (no gloves)
Will    .....                    (no boots)
Stlth   ++........               (no amulet)
HPRegen 0.05/turn                (no ring)
MPRegen 0.08/turn                (no ring)

@: no status effects
A: no striking features
a: no special abilities


You were on level 1 of the Dungeon.
You visited 1 branch of the dungeon, and saw 1 of its levels.

You collected 18 gold pieces.

Inventory:

Hand Weapons
 a - a +0 short sword (weapon)
Armour
 b - a +0 buckler (worn)
 h - a +0 robe (worn)
Scrolls
 f - a scroll of identify {unknown}
 g - 2 scrolls of blinking {unknown}
Potions
 c - a potion of might
 d - a potion of magic {unknown}
 e - a potion of lignification {unknown}
 i - a potion of haste {unknown}


   Skills:
 + Level 1.1 Fighting
 * Level 1.1 Short Blades
 - Level 1.0 Armour
 * Level 0.4 Dodging
 - Level 1.0 Stealth
 - Level 1.7 Shields
 - Level 1.0 Spellcasting
 + Level 3.0 Hexes


You had one spell level left.
You knew the following spells:

 Your Spells              Type           Power      Damage    Failure   Level
a - Slow                  Hex            24%        N/A       13%         1

Your spell library contained the following spells:

 Spells                   Type           Power      Damage    Failure   Level
 Fulminant Prism          Conj/Hex       1%         3d6       94%         4
 Leda's Liquefaction      Hex/Erth       1%         N/A       94%         4
 Petrify                  Tmut/Erth      0%         N/A       99%         4
 Iron Shot                Conj/Erth      0%         9d1       100%        6


Dungeon Overview and Level Annotations

Branches:
Dungeon (1/15)

Altars:


Message History

g - 2 scrolls labelled YCWIG DUEZEFEE (gained 1)
A kobold comes into view. It is wielding a +0 short sword.
The kobold shouts!
Aiming: Slow (safe; 13% risk of failure)
Press: ? - help, Q - select action Shift-Dir - straight line, f - kobold
Aim: a kobold, wielding a +0 short sword (chance to affect: 61%)
The kobold seems to slow down.
The kobold hits you but does no damage.
You hit the kobold.
You kill the kobold!
Things that are here:
a +0 short sword; a kobold corpse Magic restored.
i - a cyan potion A gnoll comes into view.
It is wielding a +0 whip.
An endoplasm comes into view.
The gnoll shouts!
You hear a shout!
Aiming: Slow (safe; 13% risk of failure)
Press: ? - help, Q - select action Shift-Dir - straight line, f - gnoll
Aim: a gnoll, wielding a +0 whip (chance to affect: 51%)
The gnoll seems to slow down.
You block the gnoll's attack.
You hit the gnoll but do no damage.
A giant cockroach comes into view.
You hit the gnoll.
The gnoll is lightly wounded.
You block the gnoll's attack.
A goblin comes into view. It is wielding a +0 club.
You hit the gnoll.
The gnoll is moderately wounded.
The gnoll hits you with a +0 whip.
You hit the gnoll.
The gnoll is heavily wounded.
The gnoll barely misses you.
You completely miss the gnoll.
The gnoll is heavily wounded.
The goblin hits you with a +0 club. The gnoll hits you with a +0 whip.
* * * LOW HITPOINT WARNING * * *
The goblin hits you with a +0 club.
You die...

############
#....[.....# ...
#.†........# ...
...........# ..#
#..........# #.# ##
...........# #.# #...
#..........# #.# ..!#
#..........# #g#..#
...........#####@gB#...
.................J......
#..#######.........###.#
##.### #.####........
#...#####.............
###.............##.##...
.>......................
#.##....................
..........###'###.....


You could see a gnoll (slow), an endoplasm, a giant cockroach and a goblin.

Vanquished Creatures
  A bat (D:1)
  A hobgoblin (D:1)
  A frilled lizard (D:1)
  A kobold (D:1)
  A rat (D:1)
5 creatures vanquished.

Notes
Turn   | Place    | Note
-------+----------+-------------------------------------------
     0 | D:1      | IdlyInterested the Demonspawn Wanderer began the quest for
                  | the Orb.
     0 | D:1      | IdlyInterested set off with the following items: a +0 short
                  | sword, a +0 buckler, a potion of might, a +0 robe; and the
                  | following spell memorised: Slow; and the following spells
                  | available to memorise: Fulminant Prism, Leda's
                  | Liquefaction.
     0 | D:1      | Reached XP level 1. HP: 15/15 MP: 2/2
   158 | D:1      | Got the Papyrus of Bedrock
   246 | D:1      | Slain by a goblin

Illustrated notes

Levels and vault maps discovered:
D:1:      heliophobic_arrival_ceremonial_halls, layout_rooms,
          ebering_ecumenical_altar_petrified

Action                   || total
-------------------------++-------
Melee: Short sword       ||    13
 Cast: Slow              ||     3
Armor: Robe              ||     2
Dodge: Dodged            ||     4
Block: Buckler           ||     4

Table legend: (Time is in decaauts)
 A = Elapsed time spent in this place.
 B = Non-inter-level travel time spent in this place.
 C = Inter-level travel time spent in this place.
 D = Time resting spent in this place.
 E = Time spent auto-exploring this place.
 F = Levels seen in this place.
 G = Mean time per level.
                   A        B        C        D        E       F      G
               +--------+--------+--------+--------+--------+-----+--------+
         Total |    246 |    246 |      0 |     53 |    135 |   1 |  246.0 |
       Dungeon |    246 |    246 |      0 |     53 |    135 |   1 |  246.0 |
               +--------+--------+--------+--------+--------+-----+--------+

Top non-repeatable levels by time:
     D:1: 246 daAuts
